 Dungeon Sprint DCSS version 0.21.1-1-g345015f (webtiles) character file.

2500000 Fang the Axe Maniac (level 15, -47/168 HPs)
             Began as a Minotaur Gladiator on May 21, 2018.
             Was a Believer of Makhleb.
             Annihilated by a meat berserker
             ... wielding a +9 battleaxe
              (58 damage)
             ... in the Dungeon (Sprint VIII: "Arena of Blood").
             The game lasted 00:00:26 (25 turns).

Fang the Axe Maniac (Minotaur Gladiator)              Turns: 25, Time: 00:00:27

Health: -47/168    AC:  3    Str: 24    XL:     15   Next: 97%
Magic:  14/14      EV: 29    Int:  5    God:    Makhleb [**....]
Gold:   0          SH:  0    Dex: 13    Spells: 14/14 levels left

rFire    . . .     SeeInvis .   l - +∞ Axe of Woe
rCold    . . .     Gourm    .   (shield currently unavailable)
rNeg     . . .     Faith    .   b - +0 leather armour
rPois    .         Spirit   .   c - +0 hat
rElec    .         Reflect  .   (no cloak)
rCorr    .         Harm     .   (no gloves)
MR       +....     NoTele   +   (no boots)
Stlth    +.........             (no amulet)
HPRegen  0.38/turn              n - +30 ring of slaying
MPRegen  0.14/turn              m - +30 ring of slaying

@: no status effects
A: retaliatory headbutt, horns 2
a: Minor Destruction, Renounce Religion


You were in the Dungeon.
You worshipped Makhleb.
Makhleb was pleased with you.
You were not hungry.

You visited 1 branch

Inventory:

Hand Weapons
 a - a +0 war axe
 l - the +∞ Axe of Woe (weapon)
   (You found it in the Dungeon)
Missiles
 d - 3 throwing nets (quivered)
Armour
 b - a +0 leather armour (worn)
 c - a +0 hat (worn)
Jewellery
 m - a +30 ring of slaying (right hand)
 n - a +30 ring of slaying (left hand)
Scrolls
 k - a scroll of blinking
Potions
 e - a potion of curing
 g - a potion of heal wounds
 h - a potion of haste
 i - 2 potions of magic
 j - a potion of berserk rage
Comestibles
 f - a ration


   Skills:
 + Level 24.6 Fighting
 O Level 27 Axes
 + Level 20.6 Throwing
 + Level 4.9 Armour
 O Level 27 Dodging


You had 14 spell levels left.
You didn't know any spells.

Dungeon Overview and Level Annotations

Branches:
Dungeon (1/1)

Altars:
Makhleb


Innate Abilities, Weirdness & Mutations

You reflexively headbutt those who attack you in melee.
You have a pair of horns on your head.


Message History

Put on which piece of jewellery? (? for menu, Esc to quit)
m - a +30 ring of slaying (right hand)
You hear a shout! x6
You dice the meat berserker like an onion!!!
You butcher the meat berserker messily.
You kill the meat berserker!
Makhleb accepts your kill.
You can now harness Makhleb's destructive might.
Your Fighting skill gained 4 levels and is now at level 24!
Your Throwing skill gained 4 levels and is now at level 20!
Your Armour skill gained 4 levels and is now at level 4!
You hear a shout! x4
Unknown command.
You hear a shout!
The meat berserker completely misses you.
You hear a shout! x6
A meat berserker comes into view. It is wielding a +9 battleaxe.
You hear a shout! x2
The meat berserker hits you with a +9 battleaxe!!!
You die...

...... ..... ..
#.... ..# .. #...
..# ...###...
..###.
........###......
#........_......
#.....# #@.<._#
#O.).)#
......._o.......
......###o......
..###... ..###..
. #..O ..# . #...
..# ..... ... ..
o...


You could see 2 meat berserkers and 2 bags of meat.

Vanquished Creatures
  3 ogres (D)
  2 orcs (D)
5 creatures vanquished.

Notes
Turn   | Place    | Note
-------+----------+-------------------------------------------
     0 | D        | Found the +∞ Axe of Woe
     0 | D        | Fang the Minotaur Gladiator began the quest for the Orb.
     0 | D        | Reached XP level 1. HP: 18/18 MP: 0/0
     3 | D        | Noticed a bag of meat
     4 | D        | Became a worshipper of Makhleb the Destroyer
     5 | D        | Noticed a bag of meat
     5 | D        | Noticed a bag of meat
    11 | D        | Killed a bag of meat
    11 | D        | Reached skill level 10 in Throwing
    11 | D        | Reached XP level 2. HP: 41/41 MP: 1/1
    11 | D        | Reached XP level 3. HP: 48/48 MP: 2/2
    11 | D        | Reached XP level 4. HP: 56/56 MP: 3/3
    11 | D        | Reached XP level 5. HP: 62/62 MP: 4/4
    11 | D        | Reached XP level 6. HP: 70/70 MP: 5/5
    11 | D        | Reached XP level 7. HP: 77/77 MP: 6/6
    11 | D        | Reached XP level 8. HP: 83/83 MP: 7/7
    11 | D        | Reached XP level 9. HP: 90/90 MP: 8/8
    11 | D        | Reached XP level 10. HP: 97/97 MP: 9/9
    11 | D        | Reached XP level 11. HP: 104/104 MP: 10/10
    12 | D        | Noticed a meat berserker
    12 | D        | Noticed a meat berserker
    12 | D        | Noticed a bag of meat
    13 | D        | Killed a meat berserker
    13 | D        | Reached * piety under Makhleb
    13 | D        | Reached skill level 15 in Fighting
    13 | D        | Reached XP level 12. HP: 119/119 MP: 11/11
    13 | D        | Reached XP level 13. HP: 126/126 MP: 12/12
    14 | D        | Killed a meat berserker
    14 | D        | Reached skill level 27 in Axes
    14 | D        | Reached XP level 14. HP: 140/140 MP: 13/13
    16 | D        | Noticed a meat berserker
    17 | D        | Killed a bag of meat
    17 | D        | Reached skill level 27 in Dodging
    17 | D        | Reached XP level 15. HP: 155/155 MP: 14/14
    20 | D        | Noticed a meat berserker
    23 | D        | Killed a meat berserker
    23 | D        | Reached ** piety under Makhleb
    25 | D        | Noticed a meat berserker
    25 | D        | Annihilated by a meat berserker

Skill      XL: |  1  2  3  4  5  6  7  8  9 10 11 12 13 14 15 |
---------------+----------------------------------------------+-----
Fighting       | 12 15 17 20 24 | 24.6
Axes           | 20 25 27 | 27.0
Throwing       | 10 12 14 16 20 | 20.6
Dodging        | 18 22 26 27 | 27.0
Armour         | 4 |  4.9

Action                   |  1- 3 |  4- 6 |  7- 9 | 10-12 | 13-15 || total
-------------------------+-------+-------+-------+-------+-------++-------
Melee: Executioner's axe |     1 |       |       |     1 |     3 ||     5
Dodge: Dodged            |       |       |       |       |     1 ||     1
